 Dungeon Crawl Stone Soup version 0.24.0-125-gc4c63601f3 (webtiles) character file.

Game seed: 10704903923906684984, levelgen mode: deterministic

115273 Frank2 the Bludgeoner (level 16, -7/134 HPs)
             Began as a Demonspawn Gladiator on Mar 21, 2020.
             Was the Champion of Fedhas.
             Mangled by a hellwing (12 damage)
             ... summoned by a deep elf mage
             ... on level 1 of the Elven Halls.
             The game lasted 00:57:48 (26627 turns).

Frank2 the Bludgeoner (Demonspawn Gladiator)       Turns: 26627, Time: 00:57:49

Health: -7/134     AC: 19    Str: 24    XL:     16   Next: 18%
Magic:  0/23       EV: 18    Int:  5    God:    Fedhas [******]
Gold:   1716       SH:  0    Dex: 28    Spells: 15/15 levels left

rFire    + . .     SeeInvis .   D - +5 demon whip (flame)
rCold    . . .     Gourm    .   (no shield)
rNeg     . . .     Faith    .   w - +5 scale mail
rPois    .         Spirit   +   c - +1 helmet
rElec    +         Reflect  .   x - +2 cloak {MR+}
rCorr    .         Harm     .   (no gloves)
MR       ++...                  (no boots)
Stlth    ++........             h - amulet of guardian spirit
HPRegen  0.32/turn              q - ring "Niamaj" {rElec Str+8 Int-5 Dex+4 Slay+1}
MPRegen  0.18/turn              m - +2 ring of slaying

@: drained
A: talons 2, thin skeletal structure 2, fire resistance 1, ignite blood, spiny
2, flame cloud immunity
a: Wall of Briars, Grow Ballistomycete, Overgrow, Grow Oklob, Renounce Religion


You were on level 1 of the Elven Halls.
You worshipped Fedhas.
Fedhas was exalted by your worship.
You were not hungry.

You visited 8 branches of the dungeon, and saw 28 of its levels.
You also visited: Ice Cave.

You collected 2284 gold pieces.
You spent 568 gold pieces at shops.

Inventory:

Hand Weapons
 D - a +5 demon whip of flaming (weapon)
Armour
 c - a +1 helmet (worn)
 i - a +1 hat of see invisible
 w - a +5 scale mail (worn)
 x - a +2 cloak of magic resistance (worn)
Jewellery
 a - an uncursed ring of fire
 b - an uncursed ring of fire
 h - an amulet of guardian spirit (around neck)
 m - a +2 ring of slaying (right hand)
 q - the ring "Niamaj" (left hand) {rElec Str+8 Int-5 Dex+4 Slay+1}
   (You bought it in a shop on level 6 of the Dungeon)

   [ring of slaying]

   It affects your strength (+8).
   It affects your intelligence (-5).
   It affects your dexterity (+4).
   It affects your accuracy and damage with ranged weapons and melee attacks
   (+1).
   It insulates you from electricity.
 s - an uncursed ring of protection from cold
 t - an uncursed ring of see invisible
 A - an uncursed ring of protection from magic
 J - an uncursed ring of protection from magic
Wands
 o - a wand of enslavement (2)
 r - a wand of iceblast (4)
 y - a wand of paralysis (27)
 F - a wand of digging (5)
 G - a wand of scattershot (7)
 K - a wand of disintegration (9)
 R - a wand of flame (18)
Scrolls
 d - 5 scrolls of remove curse
 e - 7 scrolls of teleportation
 j - a scroll of fog
 n - a scroll of identify
 v - a scroll of magic mapping
 E - 2 scrolls of blinking
 H - 2 scrolls of fear
 O - a scroll of brand weapon
Potions
 g - 4 potions of curing
 k - 2 potions of ambrosia
 l - 2 potions of mutation
 p - 4 potions of flight
 u - 2 potions of resistance
 z - 2 potions of lignification
 B - 3 potions of agility
 P - a potion of invisibility
 V - a potion of cancellation
Comestibles
 f - 38 rations


   Skills:
 + Level 14.8(13.5) Fighting
 + Level 15.0(13.7) Maces & Flails
 - Level 1.7(0.8) Throwing
 + Level 11.7(10.5) Armour
 + Level 9.6(8.4) Dodging
 * Level 9.8(8.6) Invocations
 * Level 8.2(7.1) Evocations


You had 15 spell levels left.
You didn't know any spells.
Your spell library contained the following spells:

 Spells                   Type           Power        Failure   Level  Hunger
 Animate Skeleton         Necr           N/A          73%         1    ##.....
 Apportation              Tloc           #.....       73%         1    ##.....
 Beastly Appendage        Tmut           #.....       73%         1    ##.....
 Confusing Touch          Hex            #.....       73%         1    ##.....
 Freeze                   Ice            #...         73%         1    ##.....
 Summon Small Mammal      Summ           #...         73%         1    ##.....
 Call Imp                 Summ           #.......     86%         2    ###....
 Ensorcelled Hibernation  Hex/Ice        #.....       86%         2    ###....
 Sticks to Snakes         Tmut           #.......     86%         2    ###....
 Sublimation of Blood     Necr           #.........   86%         2    ###....
 Throw Frost              Conj/Ice       #.....       86%         2    ###....
 Call Canine Familiar     Summ           #.......     97%         3    ####...
 Confuse                  Hex            #.......     97%         3    ####...
 Gell's Gravitas          Tloc           #.........   97%         3    ####...
 Ignite Poison            Fire/Tmut/Pois #.......     97%         3    ####...
 Ozocubu's Armour         Chrm/Ice       #.......     97%         3    ####...
 Spider Form              Tmut/Pois      #.........   97%         3    ####...
 Static Discharge         Conj/Air       #.......     97%         3    ####...
 Summon Guardian Golem    Hex/Summ       #.......     97%         3    ####...
 Ice Form                 Ice/Tmut       #.......     100%        4    #####..
 Petrify                  Tmut/Erth      #.......     100%        4    #####..
 Summon Ice Beast         Ice/Summ       #.......     100%        4    #####..
 Summon Lightning Spire   Summ/Air       #.......     100%        4    #####..
 Throw Icicle             Conj/Ice       #.......     100%        4    #####..
 Alistair's Intoxication  Tmut/Pois      #.......     100%        5    ######.
 Blade Hands              Tmut           #.........   100%        5    ######.
 Borgnjor's Vile Clutch   Necr/Erth      #.........   100%        5    ######.
 Irradiate                Conj/Tmut      #.........   100%        5    ######.
 Lightning Bolt           Conj/Air       #.........   100%        5    ######.
 Metabolic Englaciation   Hex/Ice        #.........   100%        5    ######.
 Silence                  Hex/Air        #.........   100%        5    ######.
 Yara's Violent Unravell  Hex/Tmut       #.........   100%        5    ######.
 Bolt of Cold             Conj/Ice       #.........   100%        6    #######
 Darkness                 Hex            #.........   100%        6    #######
 Freezing Cloud           Conj/Ice/Air   #.........   100%        6    #######
 Ozocubu's Refrigeration  Ice            #.........   100%        6    #######
 Shadow Creatures         Summ           N/A          100%        6    #######
 Simulacrum               Ice/Necr       #.........   100%        6    #######
 Ignition                 Fire           #.........   100%        8    #######
 Shatter                  Erth           #.........   100%        9    #######
 Tornado                  Air            #.........   100%        9    #######


Dungeon Overview and Level Annotations

Branches:
Dungeon (15/15)            Temple (1/1) D:7            Lair (6/6) D:10
 Shoals (1/4) Lair:2        Snake (1/4) Lair:2        Slime (1/5) Lair:6
    Orc (2/2) D:10            Elf (1/3) Orc:2        Depths (0/5) D:15
  IceCv (visited)
 Vaults: D:13-14

Altars:
Ashenzari
Cheibriados
Dithmenos
Elyvilon
Fedhas
Gozag
Hepliaklqana
Kikubaaqudgha
Makhleb
Nemelex Xobeh
Qazlal
Ru
Sif Muna
Trog
Uskayaw
Vehumet
Xom
Yredelemnul
Zin
The Shining One
Jiyva

Shops:
D:6 =   D:10 }   Orc:1 }*%=   Orc:2 (?}%

Portals:
Hell: Lair:6
Pandemonium: Orc:2

Annotations:
D:9 exclusions: ice statue and orange crystal statue


Innate Abilities, Weirdness & Mutations

You have razor-sharp toenails.
You have a moderately thin skeletal structure. (Dex +4, Stealth+)
Your flesh is heat resistant. (rF+)
Your demonic aura causes spilled blood to erupt in flames.
You are mostly covered in sharp spines.
You are immune to clouds of flame.


Message History

The deep elf mage casts a spell.
The soul eater draws from the surrounding life force!
* * * LOW HITPOINT WARNING * * *
Okay, then.
You thrash the hell rat!! You burn the hell rat.
You kill the hell rat!
The hell rat's corpse disappears in a puff of smoke!
The deep elf mage gestures at you while chanting.
The bolt of negative energy hits the hellwing.
The hellwing completely resists.
The bolt of negative energy hits you!
You feel drained.
* * * LOW HITPOINT WARNING * * *
You whack the hellwing! You burn the hellwing.
You claw the hellwing, but do no damage.
The hellwing is moderately wounded.
The soul eater draws from the surrounding life force!
* * * LOW HITPOINT WARNING * * *
The hellwing hits you!
You die...
Fedhas appreciates your contribution to the ecosystem.

#.........# ..........#
. ..........## . #...#
#...# .. #...# #...#+##
..###.).###...##.#
.........).....#.#
.....)<........'.#
........)......#@#
..###..)###...##4# ..
#...# #...#er#
..###...###...#)r##
.............##.3.##
#...........##.....#
##.........##...........
####...####............
##+##.......##......


You could see a soul eater, a hellwing, a deep elf mage and 2 hell rats.

Vanquished Creatures
  Kirke (D:12)
  Louise (Snake:1)
  A reaper (IceCv)
  A stone giant (Orc:2)
  7 hydras
  Erolcha (D:12)
  3 naga warriors (Snake:1)
  Harold (Lair:2)
  An anaconda (Snake:1)
  3 centaur warriors
  4 two-headed ogres
  A merfolk aquamancer (Shoals:1)
  A death knight (D:14)
  11 death yaks
  2 orc high priests (Orc:2)
  A shock serpent (Snake:1)
  A naga sharpshooter (Snake:1)
  Sonja (Lair:3)
  A soul eater (Orc:2)
  A deep elf knight (Elf:1)
  A salamander mystic (Snake:1)
  A sun demon (Lair:6)
  3 unseen horrors
  3 gelid demonspawn (Orc:2)
  3 sea snakes
  A wolf spider zombie (D:13)
  A harpy (Shoals:1)
  A phantasmal warrior (D:14)
  A wizard (Lair:6)
  4 orc knights (Orc:2)
  12 orc sorcerers
  4 manticores
  4 ugly things
  10 deep elf magi
  2 salamanders (Snake:1)
  7 elephants
  A merfolk siren (Shoals:1)
  A rust devil (Orc:2)
  A torpor snail (Lair:6)
  A smoke demon (Lair:6)
  2 ice statues (IceCv)
  16 black mambas
  A guardian serpent (Snake:1)
  3 gargoyles
  5 naga magi (Snake:1)
  Psyche (D:11)
  12 spiny frogs
  A kobold demonologist (D:11)
  An elf zombie (D:15)
  7 rime drakes
  An orange demon (Lair:6)
  4 komodo dragons
  9 ice devils
  2 freezing wraiths (D:14)
  6 trolls
  A wind drake (Shoals:1)
  A harpy zombie (Shoals:1)
  4 red devils
  3 meliai (Lair:4)
  A queen bee (Lair:4)
  A polar bear (Lair:4)
  A hornet (D:12)
  20 blink frogs
  11 slime creatures
  6 dream sheep
  Sigmund (D:2)
  12 hippogriffs
  A shadow (D:12)
  A spriggan (D:10)
  A wraith (D:12)
  A ynoxinul (Orc:2)
  3 water elementals (Shoals:1)
  4 wyverns
  6 hogs (D:12)
  33 yaks
  3 basilisks
  A basilisk (shapeshifter) (D:15)
  2 vampire mosquitoes (D:13)
  A chaos spawn (Orc:2)
  A steam dragon (D:11)
  4 wargs
  Edmund (D:4)
  3 acid dragons
  A soldier ant (D:10)
  6 nagas
  14 water moccasins
  8 porcupines
  3 hell hounds (Lair:6)
  10 ice beasts
  22 orc warriors
  A necrophage (D:8)
  2 eyes of draining
  A hornet zombie (D:7)
  4 sky beasts
  5 phantoms
  12 centaurs
  10 wolves
  13 ogres
  23 crocodiles
  A big kobold (shapeshifter) (D:15)
  5 big kobolds
  19 bullfrogs
  A wyvern zombie (D:10)
  5 scorpions
  A water moccasin skeleton (D:7)
  44 killer bees
  11 wights
  2 electric eels (D:8)
  A howler monkey (D:14)
  4 crimson imps
  2 bullfrog zombies
  A quasit (D:12)
  6 jellies
  2 centaur zombies
  9 hounds
  4 centaur skeletons
  25 orc priests
  Crazy Yiuf (D:6)
  3 bullfrog skeletons
  An iguana (D:13)
  Natasha (twice) (D:2)
  15 orc wizards
  A hell rat (Lair:4)
  16 worker ants
  A worker ant zombie (D:11)
  11 adders
  5 gnolls
  3 shadow imps
  11 white imps (IceCv)
  8 ufetubi (IceCv)
  2 oozes
  An adder skeleton (D:6)
  2 adder zombies
  A dart slug (D:2)
  4 worms
  8 leopard geckos
  71 orcs
  6 bats
  A bat zombie (Shoals:1)
  2 giant cockroaches
  7 goblins
  7 hobgoblins
  4 jackals
  18 kobolds
  6 quokkas
  7 frilled lizards
  A leopard gecko zombie (D:8)
  9 rats
818 creatures vanquished.

Vanquished Creatures (collateral kills)
  An orc warrior (Orc:2)
  An orc priest (Orc:2)
  3 orcs (Orc:2)
5 creatures vanquished.

Vanquished Creatures (others)
  A human (D:12)
  A white imp (IceCv)
  2 ufetubi (IceCv)
  2 fungi
  13 plants
  A withered plant (D:15)
20 creatures vanquished.

Grand Total: 843 creatures vanquished

Notes
Turn   | Place    | Note
-------+----------+-------------------------------------------
     0 | D:1      | Frank2 the Demonspawn Gladiator began the quest for the
                  | Orb.
     0 | D:1      | Reached XP level 1. HP: 16/16 MP: 1/1
    96 | D:1      | Gained mutation: You have a somewhat thin skeletal
                  | structure. (Dex +2, Stealth) [demonic ancestry]
    96 | D:1      | Reached XP level 2. HP: 13/22 MP: 2/2
   416 | D:1      | You fall into a shaft and drop 1 floor!
   429 | D:2      | Reached skill level 3 in Maces & Flails
   745 | D:2      | Gained mutation: Your flesh is heat resistant. (rF+)
                  | [demonic ancestry]
   745 | D:2      | Reached XP level 3. HP: 26/28 MP: 3/3
   776 | D:2      | Reached skill level 1 in Armour
   877 | D:2      | Reached XP level 4. HP: 18/34 MP: 4/4
   945 | D:2      | Noticed Natasha
   976 | D:2      | Killed Natasha
  2044 | D:2      | Noticed Sigmund
  2204 | D:2      | HP: 1/34 [Sigmund/+0 scythe (3)]
  2519 | D:2      | Killed Sigmund
  2519 | D:2      | Reached skill level 4 in Maces & Flails
  2519 | D:2      | Reached XP level 5. HP: 30/41 MP: 5/5
  2519 | D:2      | Reached XP level 6. HP: 35/47 MP: 6/6
  2594 | D:2      | Noticed Natasha
  2603 | D:2      | Killed Natasha
  3059 | D:3      | Reached skill level 5 in Maces & Flails
  3985 | D:3      | Gained mutation: You have sharp toenails. [demonic
                  | ancestry]
  3985 | D:3      | Reached XP level 7. HP: 43/52 MP: 7/7
  4254 | D:4      | Noticed Edmund
  4267 | D:4      | Killed Edmund
  4267 | D:4      | Reached skill level 6 in Maces & Flails
  4488 | D:4      | Reached XP level 8. HP: 25/60 MP: 8/8
  4815 | D:4      | Reached skill level 7 in Maces & Flails
  4882 | D:4      | Found a bloodstained altar of Trog.
  5134 | D:5      | Entered Level 5 of the Dungeon
  5393 | D:5      | Found an ancient bone altar of Kikubaaqudgha.
  6260 | D:6      | Reached skill level 8 in Maces & Flails
  6296 | D:6      | Got a translucent ring mail
  6376 | D:6      | Found Nobeqol's Jewellery Shoppe.
  6461 | D:6      | Reached skill level 5 in Armour
  6466 | D:6      | Gained mutation: You are immune to clouds of flame.
                  | [demonic ancestry]
  6466 | D:6      | Reached XP level 9. HP: 52/67 MP: 9/9
  6524 | D:6      | Noticed a troll
  6548 | D:6      | Killed a troll
  6548 | D:6      | Reached skill level 5 in Fighting
  6898 | D:6      | Found a runed translucent door.
  6899 | D:6      | Noticed Crazy Yiuf
  6903 | D:6      | Killed Crazy Yiuf
  6932 | D:6      | Identified the cursed +1 ring mail of Indomitability {rC+
                  | rN+ Dex+3} (You found it on level 6 of the Dungeon)
  7011 | D:7      | Found a shimmering altar of Xom.
  7086 | D:7      | Found a staircase to the Ecumenical Temple.
  7125 | Temple   | Entered the Ecumenical Temple
  7189 | Temple   | Became a worshipper of Fedhas Madash
  7250 | D:7      | Reached skill level 9 in Maces & Flails
  7306 | D:7      | Found a glowing golden altar of the Shining One.
  7306 | D:7      | Found a basalt altar of Yredelemnul.
  7321 | D:7      | Found a faded altar of an unknown god.
  7476 | D:7      | Found a radiant altar of Vehumet.
  7478 | D:7      | Found a shimmering blue altar of Sif Muna.
  8260 | D:8      | Reached * piety under Fedhas
  8526 | D:8      | Gained mutation: You are partially covered in sharp spines.
                  | [demonic ancestry]
  8526 | D:8      | Reached XP level 10. HP: 59/76 MP: 8/10
  8944 | D:8      | Noticed an unseen horror
  8951 | D:8      | Killed an unseen horror
  9241 | D:8      | Reached skill level 10 in Maces & Flails
  9562 | D:9      | Noticed an ice statue
  9679 | D:9      | Noticed an orange crystal statue
  9851 | D:10     | Entered Level 10 of the Dungeon
  9856 | D:10     | Found a staircase to the Lair.
  9856 | D:10     | Noticed an elephant
  9881 | D:10     | Killed an elephant
  9881 | D:10     | Reached skill level 5 in Dodging
  9887 | D:10     | Reached ** piety under Fedhas
 10159 | D:6      | Bought the ring "Niamaj" {rElec Str+8 Int-5 Dex+4 Slay+1}
                  | for 381 gold pieces
 10348 | D:10     | Found a stormy altar of Qazlal.
 10373 | D:10     | Noticed a two-headed ogre
 10374 | D:10     | Found Qecoow's Gadget Boutique.
 10381 | D:10     | Killed a two-headed ogre
 10381 | D:10     | Gained mutation: You are mostly covered in sharp spines.
                  | [demonic ancestry]
 10381 | D:10     | Reached XP level 11. HP: 43/85 MP: 4/11
 10625 | D:10     | Reached skill level 11 in Maces & Flails
 10817 | D:10     | Found a staircase to the Orcish Mines.
 11176 | D:11     | Noticed a two-headed ogre
 11183 | D:11     | Killed a two-headed ogre
 11205 | D:11     | Noticed a red ugly thing
 11217 | D:11     | Killed a red ugly thing
 11230 | D:11     | Reached *** piety under Fedhas
 11284 | D:11     | Noticed a purple ugly thing
 11292 | D:11     | Killed a purple ugly thing
 11354 | D:11     | Noticed Psyche
 11361 | D:11     | Killed Psyche
 12049 | D:12     | Got a twisted scale mail
 12096 | D:12     | Reached skill level 12 in Maces & Flails
 12121 | D:12     | Noticed Kirke
 12214 | D:11     | Identified the +4 scale mail of Ogoff {MR- MP+9 Stlth+}
                  | (You found it on level 12 of the Dungeon)
 12506 | D:12     | Noticed a lindwurm
 12762 | D:12     | Noticed a lindwurm
 13059 | D:12     | Killed Kirke
 13059 | D:12     | Gained mutation: Your demonic aura causes spilled blood to
                  | erupt in flames. [demonic ancestry]
 13059 | D:12     | Reached XP level 12. HP: 96/96 MP: 12/12
 13110 | D:12     | Reached skill level 1 in Evocations
 13175 | D:12     | Reached **** piety under Fedhas
 13179 | D:12     | Noticed a two-headed ogre
 13187 | D:12     | Killed a two-headed ogre
 13275 | D:12     | You fall into a shaft and drop 1 floor!
 13280 | D:13     | Noticed a centaur warrior
 13292 | D:13     | Noticed a centaur warrior
 13302 | D:13     | Killed a centaur warrior
 13302 | D:13     | Reached skill level 10 in Fighting
 13309 | D:13     | Killed a centaur warrior
 13581 | D:12     | Noticed Erolcha
 13589 | D:12     | Killed Erolcha
 13773 | D:13     | Noticed a five-headed hydra
 14003 | D:13     | Killed a five-headed hydra
 14058 | D:13     | Got a bloodstained scale mail
 14069 | D:13     | Identified the +3 scale mail "Gepp" {Dex+2} (You found it
                  | on level 13 of the Dungeon)
 14118 | D:13     | You fall into a shaft and drop 2 floors!
 14118 | D:15     | Entered Level 15 of the Dungeon
 14155 | D:15     | Reached ***** piety under Fedhas
 14158 | D:15     | Reached skill level 13 in Maces & Flails
 14229 | D:15     | Noticed a seven-headed hydra
 14235 | D:15     | Killed a seven-headed hydra
 14373 | D:15     | Noticed a vampire mage
 14374 | D:15     | Found a staircase to the Depths.
 14389 | D:15     | HP: 3/100 [something/bolt of negative energy (17)]
 14420 | D:15     | Noticed a six-headed hydra
 14485 | D:14     | Reached XP level 13. HP: 13/106 MP: 9/14
 16051 | Lair:1   | Entered Level 1 of the Lair of Beasts
 16103 | Lair:1   | Reached skill level 10 in Armour
 16482 | Lair:1   | Reached skill level 1 in Invocations
 16758 | Lair:2   | Noticed Harold
 16771 | Lair:2   | Killed Harold
 16784 | Lair:2   | Found a staircase to the Shoals.
 16794 | Lair:2   | Reached ****** piety under Fedhas
 16812 | Lair:2   | Found a staircase to the Snake Pit.
 17573 | Lair:3   | Gained mutation: You have razor-sharp toenails. [demonic
                  | ancestry]
 17573 | Lair:3   | Reached XP level 14. HP: 116/116 MP: 16/16
 17752 | Lair:3   | Noticed Sonja
 17755 | Lair:3   | Killed Sonja
 18044 | Lair:4   | Got a brightly glowing silver amulet
 18365 | Lair:4   | Reached skill level 5 in Invocations
 19176 | Lair:4   | Reached skill level 5 in Evocations
 19497 | Lair:5   | Reached skill level 14 in Maces & Flails
 19986 | Lair:6   | Entered Level 6 of the Lair of Beasts
 20309 | Lair:6   | Found a burning altar of Makhleb.
 20638 | Lair:6   | Found a gateway to Hell.
 20717 | Lair:6   | Found a staircase to the Slime Pits.
 20717 | Lair:6   | Found a viscous altar of Jiyva.
 20750 | Lair:6   | Reached XP level 15. HP: 115/125 MP: 18/20
 20888 | Lair:6   | Identified the amulet "Gabonoleno" {Inacc rC+ Dex+2} (You
                  | found it on level 4 of the Lair of Beasts)
 21265 | Orc:1    | Entered Level 1 of the Orcish Mines
 21265 | Orc:1    | Found Kiytypt's Gadget Boutique.
 21289 | Orc:1    | Found Yruliunt's Food Emporium.
 21341 | Orc:1    | Found a frozen archway.
 21363 | IceCv    | Entered an ice cave
 22393 | Orc:1    | Found Piessan's Assorted Antiques.
 22548 | Orc:1    | Found Kisig's Jewellery Boutique.
 22691 | Orc:2    | Entered Level 2 of the Orcish Mines
 22691 | Orc:2    | Found a staircase to the Elven Halls.
 22704 | Orc:2    | Paralysed by an orc sorcerer for 2 turns
 23022 | Orc:2    | Found Ydeqereb's Magic Scroll Shoppe.
 23023 | Orc:2    | Found Febbu's Food Emporium.
 24251 | Orc:2    | Found Muqiciv's Antique Weapon Shop.
 24251 | Orc:2    | Found Riapryng's Gadget Boutique.
 24251 | Orc:2    | Found a one-way gate leading to the halls of Pandemonium.
 24261 | Orc:2    | Bought a pitted flail for 187 gold pieces
 24261 | Orc:2    | Identified the cursed +1 flail of the Gloaming {drain,
                  | *Noise Int+3 Stlth+} (You bought it in a shop on level 2 of
                  | the Orcish Mines)
 24705 | Shoals:1 | Entered Level 1 of the Shoals
 24745 | Shoals:1 | HP: 1/127 [merfolk/+0 trident (12)]
 25163 | Snake:1  | Entered Level 1 of the Snake Pit
 25245 | Snake:1  | Noticed Louise
 25258 | Snake:1  | Killed Louise
 25561 | Snake:1  | Found a shimmering altar of Xom.
 25600 | Snake:1  | Gained mutation: You have a moderately thin skeletal
                  | structure. (Dex +4, Stealth+) [demonic ancestry]
 25600 | Snake:1  | Reached XP level 16. HP: 53/134 MP: 9/23
 26420 | Slime:1  | Entered Level 1 of the Pits of Slime
 26420 | Slime:1  | Noticed an acid blob
 26421 | Slime:1  | Identified a scroll of acquirement
 26547 | Elf:1    | Entered Level 1 of the Elven Halls
 26600 | Elf:1    | Reached skill level 15 in Maces & Flails
 26627 | Elf:1    | HP: 5/134 [soul eater/drain life[a deep elf mage] (14)]
 26627 | Elf:1    | Mangled by a hellwing

Levels and vault maps discovered:
D:1:      dpeg_arrival_ratfight, layout_basic, minmay_fountain_box,
          minivault_23, minmay_split_cup_small
D:2:      layout_basic, uniq_sigmund, uniq_natasha
D:3:      layout_basic, serial_corexii_hall, corexii_hall_statues_x,
          chequers_hall_statues_y, first_ration, chequers_big_river
D:4:      layout_loops_corners, bloody_trog, uniq_edmund
D:5:      layout_loops_cross, overflow_temple_1_default,
          chequers_serial_rivers_micro_b
D:6:      wad_guarded_room, layout_basic, serial_shops, shop,
          serial_park_tiny_2, uniq_crazy_yiuf_cottage
D:7:      layout_basic, chequers_temple_overflow_minitemple, xom_teletrap_fun,
          minmay_temple_entry_waves
D:8:      kennysheep_big_flooded_room, layout_rooms
D:9:      minmay_separated_statues, layout_rooms
D:10:     layout_irregular_city, david_lair_generic,
          minmay_orc_entry_guard_dogs, basic_altar, serial_shops, shop_statue,
          the_bakery, nicolae_benzene_ring
D:11:     layout_stronghold, uniq_psyche
D:12:     layout_rooms, kennysheep_generic_room_11, uniq_kirke, uniq_erolcha
D:13:     layout_cave_pools, kennysheep_generic_room_14
D:14:     layout_irregular_city, erik_vaults_2, dk_noncrumbling_3
D:15:     gammafunk_depths_entry_grave, layout_small_grid
Temple:   regret_index_temple_waves
Lair:1:   layout_big_grid, minivault_25, serial_bayou_pond_d,
          beast_lair_carwin_10, minmay_lair_oklob_chamber
Lair:2:   layout_misc_corridors, minmay_shoals_entry_beasts,
          minmay_snake_entry_guardpost_small, uniq_harold
Lair:3:   layout_regular_city, uniq_sonja
Lair:4:   regret_index_combs_of_tragedy, layout_long_grid, beast_lair_carwin_2,
          infiniplex_staircase_pool
Lair:5:   minmay_lair_oklob_tunnel, layout_cave_shapes
Lair:6:   evil_forest, layout_regular_city, slime_altar_1
Shoals:1: cheibrodos_shoals_baths, layout_shoals, ebering_ghost_davey_jones,
          nicolae_shoals_undead_eyrie
Snake:1:  skrybe_snakes_to_sticks, layout_rooms, serial_bayou_lagoon_a,
          grunt_megastairs_4, uniq_louise
Slime:1:  layout_caves
Orc:1:    layout_caves, portal_ice_cave_entry_ice_beasts, serial_shops, shop,
          shop, shop_fountains, nicolae_shop_stone
Orc:2:    pf_orc_diabolical, layout_caves
Elf:1:    minmay_elf_arrival_circle, layout_gridlike, minmay_elf_annihilation,
          minmay_shop_grove

Skill      XL: |  1  2  3  4  5  6  7  8  9 10 11 12 13 14 15 16 |
---------------+-------------------------------------------------+-----
Maces & Flails | 3 4 5 6 8 9 10 12 13 14 15 | 15.0
Dodging        | 3 4 5 6 7 8 9 |  9.6
Armour         | 1 2 3 5 7 8 9 10 11 | 11.7
Fighting       | 3 4 5 7 9 11 12 13 14 | 14.8
Evocations     | 1 3 6 7 8 |  8.2
Invocations    | 3 6 9 |  9.8
Throwing       | |  1.7

Action                   |  1- 3 |  4- 6 |  7- 9 | 10-12 | 13-15 | 16-18 || total
-------------------------+-------+-------+-------+-------+-------+-------++-------
Melee: Flail             |    65 |   239 |   121 |       |       |       ||   425
       Kick              |       |       |   145 |   242 |   584 |    40 ||  1011
       Whip              |       |       |   260 |    34 |       |       ||   294
       Demon whip        |       |       |       |   420 |  1027 |    75 ||  1522
       Unarmed           |       |       |       |     7 |       |       ||     7
Throw: Throwing net      |       |     6 |     2 |       |       |       ||     8
Evoke: Wand              |       |       |       |     5 |    13 |       ||    18
  Use: Scroll            |       |     6 |     6 |    13 |    23 |     1 ||    49
       Potion            |       |     4 |       |     6 |     2 |       ||    12
 Stab: Sleeping          |     3 |     2 |     1 |     5 |     2 |       ||    13
       Held in net/web   |       |     3 |     2 |       |       |       ||     5
  Eat: Chunk             |       |     6 |    13 |     6 |    25 |     2 ||    52
       Ration            |       |     1 |     1 |     3 |     3 |     1 ||     9
Armor: Leather armour    |     8 |       |       |       |       |       ||     8
       Ring mail         |    10 |    97 |    52 |    48 |       |       ||   207
       Scale mail        |       |       |     9 |    70 |   236 |    22 ||   337
       Chain mail        |       |       |    60 |       |       |       ||    60
Dodge: Dodged            |    40 |   159 |   146 |   236 |   588 |    37 ||  1206
